 Dungeon Crawl Stone Soup version 0.29-a0-857-g9b1aa3ac5b (webtiles) character file.

Game seed: 14520259931844141392

99635 buhh the Stormcaller (level 17, -6/146 HPs)
             Began as a Meteoran Transmuter on July 16, 2022.
             Was a Believer of Ashenzari.
             Mangled by an entropy weaver (13 damage)
             ... on level 3 of the Spider Nest.
             The game lasted 00:49:23 (9647 turns).

buhh the Stormcaller (Meteoran Transmuter)          Turns: 9647, Time: 00:49:24

Health: -6/146     AC:  2    Str: 12    XL:     17   Next: 31%
Magic:  23/33      EV: 29    Int: 28    God:    Ashenzari [**....]
Gold:   165        SH:  5    Dex: 16    Spells: 16/38 levels left

rFire   . . .      SeeInvis +     - Unarmed
rCold   . . .      Faith    .   (shield currently unavailable)
rNeg    . . .      Spirit   .   (body armour currently unavailable)
rPois   ∞          Reflect  +   (helmet currently unavailable)
rElec   +          Harm     .   (cloak currently unavailable)
rCorr   .          Rampage  .   (gloves currently unavailable)
Will    +++..                   (boots currently unavailable)
Stlth   +.........              C - amulet of the Pangnostic Heavens {Reflect SH+5, Evo, Alch} (curse)
HPRegen 0.34/turn               X - ring "Burden of Ashenzari" {Wiz Will+, Alch, Cun} (curse)
MPRegen 0.23/turn               S - +6 ring of intelligence

@: storm-form, wereblooded, corroded, on berserk cooldown, flying, glowing
A: cleaving, insubstantial, flying, sense surroundings 2, otherworldly, glowing,
explore regen
a: Blinkbolt, End Transformation, Renounce Religion, Curse Item, Shatter the
Chains


You were on level 3 of the Spider Nest.
You worshipped Ashenzari.
Ashenzari was pleased with you.
You were a lightning-filled tempest!
You visited 5 branches of the dungeon, and saw 25 of its levels.

You collected 1210 gold pieces.
You spent 1045 gold pieces at shops.

Inventory:

Hand Weapons
 Y - the +4 dagger of Dah Zoon (melded) {speed, rN+ Will+ Int+4}
   (You found it on level 2 of the Lair of Beasts)

   Attacks with this weapon are significantly faster.
   Int:       It affects your intelligence (+4).
   rN:        It protects you from negative energy.
   Will:      It increases your willpower.
Armour
 e - the +0 helmet "Coiwk" (melded) {rF+ rCorr Int+2}
   (You bought it in a shop on level 2 of the Orcish Mines)

   Int:       It affects your intelligence (+2).
   rF:        It protects you from fire.
   rCorr:     It protects you from acid and corrosion.
 i - the +1 pair of boots of Pivuuf (melded) {rF++}
   (You acquired it on level 6 of the Dungeon)

   rF:        It greatly protects you from fire.
 I - a +0 pair of gloves (melded)
 W - the cursed +2 robe of Ashenzari's Stoicism (melded) {rC+ rF+, Cun, Elem}
   (You took it off Erica on level 8 of the Dungeon)

   It has a curse which improves the following skills: Cunning: Dodging and
   Stealth.
   Elements:  Fire Magic, Ice Magic, Air Magic and Earth Magic.
Magical Staves
 K - a staff of conjuration
 L - a staff of poison
 N - a staff of air
 T - a staff of earth
Jewellery
 f - a ring of positive energy
 p - a ring of wizardry
 C - the cursed amulet of the Pangnostic Heavens (around neck) {Reflect SH+5, Evo, Alch}
   (You found it on level 6 of the Dungeon)

   [amulet of reflection]

   It reflects blocked missile attacks.
   SH:        It affects your SH (+5).
   It has a curse which improves the following skills: Evocations: Evocations.
   Alchemy:   Poison Magic and Transmutations.
 J - a ring of willpower
 O - a ring of willpower
 P - a ring of see invisible
 Q - a ring of protection from cold
 R - a +4 ring of protection
 S - a +6 ring of intelligence (right fist)
 U - a ring of ice
 X - the cursed ring "Burden of Ashenzari" (left fist) {Wiz Will+, Alch, Cun}
   (You found it on level 1 of the Lair of Beasts)

   [ring of wizardry]

   It improves your spell success rate.
   Will:      It increases your willpower.
   It has a curse which improves the following skills: Alchemy: Poison Magic and
   Transmutations.
   Cunning:   Dodging and Stealth.
Wands
 A - a wand of digging (5)
 D - a wand of roots (22)
 E - a wand of flame (10)
 F - a wand of charming (5)
 G - a wand of light (5)
 H - a wand of mindburst (3)
Scrolls
 a - 10 scrolls of identify {!d}
 c - 12 scrolls of teleportation {!d!d}
 d - a scroll of magic mapping {!d}
 g - a scroll of vulnerability
 h - 5 scrolls of enchant armour
 j - a scroll of enchant weapon
 k - 2 scrolls of brand weapon
 l - 3 scrolls of immolation {!r}
 B - 3 scrolls of noise
 V - a scroll of summoning
Potions
 m - a potion of might
 n - 4 potions of lignification {!d}
 o - 6 potions of mutation {!q!d}
 q - 3 potions of magic {!d}
 r - a potion of cancellation {!q!d}
 s - 2 potions of resistance {!d}
 t - 2 potions of brilliance {!d}
 u - a potion of ambrosia {!d}
 v - 5 potions of curing {!d}
 x - 2 potions of degeneration
 y - 2 potions of haste {!q}
 z - 3 potions of berserk rage {!q}
 Z - 5 potions of flight


   Skills:
 * Level 11.9 Fighting
 * Level 13.0(14.2) Dodging
 * Level 13.3 Unarmed Combat
 - Level 11.1 Spellcasting
 * Level 12.4 Translocations
 - Level 14.3(16.1) Transmutations
 - Level 4.0 Ice Magic
 - Level 15.0 Air Magic
 - Level 1.0(2.1) Poison Magic


You had 16 spell levels left.
You knew the following spells:

 Your Spells              Type           Power      Damage    Failure   Level
a - Beastly Appendage     Tmut           100%       N/A       0%          1
b - Wereblood             Tmut           82%        N/A       0%          2
c - Spider Form           Tmut/Pois      61%        N/A       1%          3
d - Ice Form              Ice/Tmut       64%        N/A       1%          4
q - Storm Form            Tmut/Air       40%        N/A       1%          7
r - Manifold Assault      Tloc           71%        N/A       1%          5

Your spell library contained the following spells:

 Spells                   Type           Power      Damage    Failure   Level
 Apportation              Tloc           100%       N/A       0%          1
 Necrotise                Necr           60%        1d7       1%          1
 Blink                    Tloc           100%       N/A       1%          2
 Frozen Ramparts          Ice            74%        1d9       1%          3
 Ignite Poison            Fire/Tmut/Pois 49%        N/A       1%          3
 Iskenderun's Mystic Bla  Conj/Tloc      50%        2d11      1%          4
 Petrify                  Tmut/Erth      57%        N/A       1%          4
 Alistair's Intoxication  Tmut/Pois      40%        N/A       1%          5
 Summon Forest            Summ/Tloc      25%        N/A       3%          5
 Conjure Flame            Conj/Fire      15%        6-21      4%          3
 Eringya's Noxious Bog    Tmut/Pois      30%        N/A       5%          6
 Summon Ice Beast         Ice/Summ       26%        N/A       6%          4
 Fulminant Prism          Conj/Hex       7%         3d7       14%         4
 Sticky Flame             Conj/Fire      15%        2d4       14%         4
 Lee's Rapid Deconstruct  Erth           7%         3d8*      36%         5
 Simulacrum               Ice/Necr       13%        N/A       65%         6
 Summon Hydra             Summ           7%         N/A       100%        7
 Death's Door             Necr           7%         N/A       100%        9


Dungeon Overview and Level Annotations

Branches:
Dungeon (13/15) Zot: 1462  Temple (1/1) D:5 Zot: 536    Lair (6/6) D:11 Zot: 1634
  Swamp (0/4) Lair:2       Spider (3/4) Lair:2 Zot: 1269   Slime (0/5) Lair:6
    Orc (2/2) D:11 Zot: 687
    Elf: Orc:2       Vaults: D:13-14

Altars:
Ashenzari
Cheibriados
Dithmenos
Elyvilon
Fedhas
Gozag
Hepliaklqana
Kikubaaqudgha
Makhleb
Nemelex Xobeh
Okawaru
Qazlal
Ru
Sif Muna
Trog
Uskayaw
Vehumet
Wu Jian
Xom
Yredelemnul
Zin
The Shining One
Jiyva

Shops:
D:1 *   D:3 :   D:11 *   Orc:2 [?!*

Portals:
Trove: D:12 (give 5 scrolls of blinking)

Annotations:
Lair:3 exclusion: oklob plant
Lair:6 exclusion: oklob plant


Innate Abilities, Weirdness & Mutations

You are a lightning-filled tempest!
Your electrical attacks strike out in all directions at once.
You are incredibly evasive.
Your insubstantial body is immune to petrification, constriction, and being set on fire You are flying.
You are immune to poison.
Your armour is entirely melded.
You are incapable of wielding weapons or throwing items.
You passively map the area around you.
You are easily found by Zot.
You glow in the dark.
You regain HP and MP as you explore.


Message History

You block the emperor scorpion's attack. x2
Okay, then.
You batter the emperor scorpion!!
You punch the emperor scorpion, but do no damage.
The emperor scorpion is severely wounded.
You buffet the entropy weaver!
You barely miss the redback. The redback bites you.
* * * LOW HITPOINT WARNING * * *
The entropy weaver hits you.
* * * LOW HITPOINT WARNING * * *
The entropy weaver completely misses you.
The entropy weaver closely misses you.
The entropy weaver hits you but does no damage.
The emperor scorpion completely misses you.
The emperor scorpion claws you.
* * * LOW HITPOINT WARNING * * *
The emperor scorpion claws you.
* * * LOW HITPOINT WARNING * * *
The jumping spider leaps!
The redback bites you but does no damage.
You blast the emperor scorpion!!!
The emperor scorpion is almost dead.
You hit the radroach but do no damage. You batter the entropy weaver!!
You batter the redback!!
You feel yourself speed up.
The entropy weaver gestures at you while chanting.
The entropic weave corrodes you! The redback completely misses you.
You block the emperor scorpion's attack.
The emperor scorpion closely misses you.
The emperor scorpion claws you.
* * * LOW HITPOINT WARNING * * *
The radroach closely misses you. The radroach completely misses you.
You hit the emperor scorpion but do no damage.
The emperor scorpion is almost dead.
You buffet the redback!
You feel a bit better.
You kill the redback!
You buffet the radroach!
You hit the entropy weaver but do no damage.
You block the entropy weaver's attack. The entropy weaver hits you!
You die...

^....s.#...>.#..#....*
#...#B#^.##..^#.#...##
.#^,...........#..#..#
..°,.........#.......#
, * * .##.#....#..## *
,,* #.#y#...^#..# ,,
,,.#.^..#B#...## ,*
......†sB^...# * ,,
,..>#{#v###### *
^.....B## , .#..#s# *
, ^ ,#..^. ,* .## , *
, , ^*.., * ,** ,. , ,
,, * * *^ , , *,* ,,,
*,, *,


You could see an emperor scorpion, a radroach, a boulder beetle, an entropy
weaver, a moth of wrath and a jumping spider.

Vanquished Creatures
  Saint Roka (Orc:2)
  2 ghost moths (Spider:1)
  An emperor scorpion (Spider:2)
  2 broodmothers
  An entropy weaver (Spider:2)
  A dire elephant (Lair:6)
  A spark wasp (Spider:2)
  Snorg (D:10)
  Josephine (D:12)
  8 hydras
  5 boulder beetles
  A jorogumo (Spider:1)
  3 centaur warriors
  2 ghost crabs (Spider:1)
  Erica (D:8)
  A radroach (Spider:1)
  3 two-headed ogres
  A tengu warrior (D:8)
  6 death yaks
  Nergalle (D:12)
  3 pharaoh ants
  2 steelbarb worms (Spider:3)
  3 orb spiders
  6 orc knights
  Pikel (D:4)
  2 orc sorcerers (Orc:2)
  2 cyclopes
  8 wolf spiders
  2 moths of wrath
  3 ugly things
  A manticore (D:12)
  Maurice (D:9)
  7 black mambas
  4 elephants (Lair:6)
  A molten gargoyle (D:11)
  11 cane toads
  4 torpor snails
  13 komodo dragons
  Psyche (D:12)
  3 demonic crawlers
  A rime drake (Lair:6)
  A tengu conjurer (D:11)
  3 trolls
  4 tyrant leeches (Spider:1)
  2 polar bears
  Prince Ribbit (D:7)
  A slime creature (D:11)
  11 tarantellas
  29 blink frogs
  3 dream sheep
  11 jumping spiders
  A shadow (D:13)
  A centaur simulacrum (D:11)
  5 wyverns
  A vampire (D:9)
  8 culicivoras
  3 basilisks
  A water elemental (D:11)
  5 wraiths
  83 yaks
  Grum (D:10)
  15 vampire mosquitoes
  16 redbacks
  4 wargs
  Edmund (D:6)
  Duvessa (D:5)
  7 water moccasins
  An acid dragon (D:10)
  37 orc warriors
  An ice beast (D:11)
  2 sky beasts
  2 black bears
  19 wolves
  3 ogres
  3 phantoms
  12 centaurs
  8 kobold brigands
  A necrophage (D:4)
  12 bullfrogs
  A gnoll sergeant (D:9)
  2 scorpions
  Dowan (D:5)
  13 killer bees
  4 howler monkeys
  4 electric eels
  2 jellies (D:6)
  2 gnoll boudas
  13 orc priests
  5 iguanas
  16 orc wizards
  6 adders
  15 gnolls
  A shadow imp (D:6)
  5 white imps
  2 dart slugs
  76 orcs
  2 endoplasms
  2 giant cockroaches
  8 goblins
  5 hobgoblins
  4 quokkas
  7 ball pythons
  4 bats
  A frilled lizard (D:2)
  27 kobolds
  3 rats
673 creatures vanquished.

Vanquished Creatures (others)
  A centaur (Orc:2)
  15 fungi
  17 plants
33 creatures vanquished.

Grand Total: 706 creatures vanquished

Notes
Turn   | Place    | Note
-------+----------+-------------------------------------------
     0 | D:1      | buhh the Meteoran Transmuter began the quest for the Orb.
     0 | D:1      | Reached XP level 1. HP: 16/16 MP: 5/5
   103 | D:1      | Reached XP level 2. HP: 15/23 MP: 6/6
   214 | D:2      | Found a faded altar of an unknown god.
   334 | D:1      | Reached XP level 3. HP: 25/28 MP: 8/8
   404 | D:1      | Found Cejapnoa's Assorted Antiques.
   418 | D:1      | Bought a scroll labelled YWUCOUWNAE for 22 gold pieces
   418 | D:1      | Bought a cyan potion for 19 gold pieces
   418 | D:1      | Bought a fizzy white potion for 19 gold pieces
   474 | D:2      | Reached skill level 1 in Poison Magic
   474 | D:2      | Reached XP level 4. HP: 28/36 MP: 7/9
   484 | D:2      | Learned a level 2 spell: Wereblood
   488 | D:2      | Learned a level 3 spell: Spider Form
   763 | D:3      | Found a sacrificial altar of Ru.
   807 | D:3      | Reached XP level 5. HP: 38/41 MP: 7/10
   910 | D:3      | Found Qacher's Book Boutique.
  1095 | D:4      | Noticed a necrophage
  1096 | D:4      | Reached XP level 6. HP: 24/51 MP: 7/11
  1129 | D:4      | Reached skill level 5 in Unarmed Combat
  1197 | D:4      | Noticed Pikel
  1214 | D:4      | Killed Pikel
  1215 | D:4      | Reached skill level 5 in Fighting
  1215 | D:4      | Reached XP level 7. HP: 61/61 MP: 12/12
  1215 | D:4      | Reached XP level 8. HP: 68/68 MP: 13/13
  1428 | D:5      | Entered Level 5 of the Dungeon
  1430 | D:5      | Noticed Duvessa
  1431 | D:5      | Noticed Dowan
  1445 | D:5      | Killed Duvessa
  1641 | D:5      | Killed Dowan
  1690 | D:5      | Gained mutation: You passively map the area around you.
                  | [Meteoran growth]
  1690 | D:5      | Reached XP level 9. HP: 75/75 MP: 14/14
  1696 | D:5      | Found a staircase to the Ecumenical Temple.
  1707 | Temple   | Entered the Ecumenical Temple
  1760 | Temple   | Became a worshipper of Ashenzari the Shackled
  2181 | D:6      | Noticed a troll
  2191 | D:6      | Killed a troll
  2314 | D:6      | Identified the cursed +0 robe of the All-Knowing {Bglg,
                  | Self}
  2423 | D:6      | Noticed Edmund
  2441 | D:6      | Killed Edmund
  2922 | D:6      | Reached XP level 10. HP: 71/88 MP: 12/16
  2936 | D:6      | Reached * piety under Ashenzari
  2938 | D:6      | Acquired the +1 pair of boots of Pivuuf {rF++}
  3055 | D:7      | Noticed Prince Ribbit
  3073 | D:7      | Killed Prince Ribbit
  3074 | D:7      | Reached skill level 5 in Transmutations
  3199 | D:7      | Learned a level 4 spell: Ice Form
  3302 | D:7      | Found an ornate altar of the Wu Jian Council.
  3652 | D:8      | Noticed a cyan ugly thing
  3652 | D:8      | Noticed a centaur warrior
  3652 | D:8      | Noticed a centaur warrior
  3652 | D:8      | Noticed a cyclops
  3659 | D:8      | Killed a centaur warrior
  3660 | D:8      | Killed a centaur warrior
  3661 | D:8      | Reached skill level 10 in Unarmed Combat
  3689 | D:8      | Killed a cyan ugly thing
  3690 | D:8      | Reached XP level 11. HP: 41/95 MP: 11/16
  3692 | D:8      | Killed a cyclops
  3725 | D:8      | Noticed Erica
  3734 | D:8      | Killed Erica
  3735 | D:8      | Reached skill level 10 in Dodging
  3761 | D:8      | Noticed a tengu warrior
  3774 | D:8      | Killed a tengu warrior
  3911 | D:9      | Noticed a two-headed ogre
  3925 | D:9      | Killed a two-headed ogre
  3926 | D:9      | Reached skill level 10 in Transmutations
  3953 | D:9      | Noticed a three-headed hydra
  3960 | D:9      | Killed a three-headed hydra
  4026 | D:9      | Reached XP level 12. HP: 99/106 MP: 14/17
  4121 | D:8      | Reached skill level 1 in Ice Magic
  4210 | D:8      | Found a basalt altar of Yredelemnul.
  4210 | D:8      | Found a bloodstained altar of Trog.
  4211 | D:8      | Found a burning altar of Makhleb.
  4211 | D:8      | Found a shimmering altar of Xom.
  4230 | D:8      | Reached skill level 10 in Fighting
  4263 | D:8      | Found an ornate altar of the Wu Jian Council.
  4381 | D:8      | Noticed a boulder beetle
  4392 | D:8      | Killed a boulder beetle
  4406 | D:8      | Got the Compilation of Bloody Shapeshifting
  4410 | D:8      | Noticed a six-headed hydra
  4520 | D:9      | Noticed Maurice
  4529 | D:9      | Killed Maurice
  4668 | D:10     | Entered Level 10 of the Dungeon
  4695 | D:10     | Noticed Grum
  4734 | D:10     | Killed Grum
  4765 | D:10     | Noticed Snorg
  4777 | D:10     | Killed Snorg
  4778 | D:10     | Reached skill level 2 in Air Magic
  4853 | D:11     | Found a staircase to the Lair.
  4931 | D:10     | Reached skill level 3 in Air Magic
  5007 | D:10     | Reached XP level 13. HP: 114/114 MP: 13/18
  5215 | D:11     | Noticed a two-headed ogre
  5226 | D:11     | Reached skill level 4 in Air Magic
  5229 | D:11     | Killed a two-headed ogre
  5419 | D:11     | You fall into a shaft and drop 2 floors!
  5439 | D:12     | Noticed an eight-headed hydra
  5442 | D:12     | Reached skill level 5 in Air Magic
  5465 | D:12     | Killed an eight-headed hydra
  5549 | D:12     | Noticed Josephine
  5569 | D:13     | Reached skill level 6 in Air Magic
  5579 | D:13     | Noticed a centaur warrior
  5589 | D:13     | Killed a centaur warrior
  5621 | D:12     | Found a portal to a secret trove of treasure.
  5623 | D:12     | Noticed Nergalle
  5631 | D:12     | Killed Nergalle
  5760 | D:12     | Identified the cursed +2 robe of Ashenzari's Stoicism {rC+
                  | rF+, Cun, Elem} (You took it off Erica on level 8 of the
                  | Dungeon)
  5785 | D:12     | Noticed Psyche
  5788 | D:12     | Killed Psyche
  5789 | D:12     | Reached skill level 7 in Air Magic
  5876 | D:11     | Noticed a four-headed hydra
  5928 | D:12     | Killed a four-headed hydra
  6014 | D:12     | Killed Josephine
  6015 | D:12     | Reached skill level 8 in Air Magic
  6067 | D:11     | Found Maworu's Demolitions Depot.
  6107 | D:11     | Found a staircase to the Orcish Mines.
  6261 | D:3      | Bought an Inescapable Atlas for 374 gold pieces
  6306 | D:6      | Found a shimmering blue altar of Sif Muna.
  6419 | Lair:1   | Entered Level 1 of the Lair of Beasts
  6434 | Lair:1   | Reached skill level 9 in Air Magic
  6452 | Lair:1   | Identified the ring of Mececsul {Wiz Will+}
  6503 | Lair:1   | Reached skill level 10 in Air Magic
  6521 | Lair:1   | Reached XP level 14. HP: 66/122 MP: 12/19
  6591 | Lair:1   | Reached skill level 11 in Air Magic
  6733 | Lair:1   | Learned a level 7 spell: Storm Form
  6788 | Lair:2   | Reached skill level 12 in Air Magic
  6789 | Lair:2   | Found a staircase to the Swamp.
  6833 | Lair:2   | Found a hole to the Spider Nest.
  6927 | Lair:2   | Found a snail-covered altar of Cheibriados.
  6932 | Lair:2   | Reached ** piety under Ashenzari
  7000 | Lair:2   | Identified the +4 dagger of Dah Zoon {speed, rN+ Will+
                  | Int+4}
  7079 | Lair:2   | Reached skill level 13 in Air Magic
  7292 | Lair:3   | Reached skill level 1 in Translocations
  7354 | Lair:3   | Identified the +1 leather armour "Suntusk" {Rampage Str+2}
  7461 | Lair:2   | Identified the +1 ring mail of Uhu Fue {Will+}
  7483 | Lair:3   | Reached skill level 14 in Air Magic
  7653 | Lair:5   | Reached skill level 5 in Spellcasting
  7748 | Lair:6   | Entered Level 6 of the Lair of Beasts
  7759 | Lair:6   | Reached XP level 15. HP: 122/128 MP: 22/24
  7762 | Lair:6   | Reached skill level 5 in Translocations
  7817 | Lair:6   | Found a staircase to the Slime Pits.
  7818 | Lair:6   | Found a viscous altar of Jiyva.
  7848 | Lair:6   | Reached skill level 15 in Air Magic
  8009 | Lair:6   | Identified the +4 short sword "Dehithres" {elec, Int+4
                  | Dex+3 Stlth+}
  8371 | Orc:1    | Entered Level 1 of the Orcish Mines
  8392 | Orc:2    | Entered Level 2 of the Orcish Mines
  8466 | Orc:2    | Reached skill level 10 in Spellcasting
  8472 | Orc:2    | Reached XP level 16. HP: 128/135 MP: 31/31
  8472 | Orc:2    | Found Ocwiv's Distillery.
  8472 | Orc:2    | Found Nerray's Magic Scroll Emporium.
  8475 | Orc:2    | Noticed Saint Roka
  8481 | Orc:2    | Found Voat Tynn's Antique Armour Shoppe.
  8529 | Orc:2    | Killed Saint Roka
  8530 | Orc:2    | Reached skill level 10 in Translocations
  8823 | Orc:2    | Found Ixahess's Assorted Antiques.
  8835 | Orc:2    | Bought a warped helmet for 285 gold pieces
  8835 | Orc:2    | Identified the +0 helmet "Coiwk" {rF+ rCorr Int+2} (You
                  | bought it in a shop on level 2 of the Orcish Mines)
  8847 | Orc:2    | Bought a scroll labelled QIUV FONWIRCH for 30 gold pieces
  8847 | Orc:2    | Bought a scroll labelled NEHOIMPO YLOM for 30 gold pieces
  8847 | Orc:2    | Bought a potion of curing for 90 gold pieces
  8849 | Orc:2    | Bought 2 potions of mutation for 176 gold pieces
  8950 | D:11     | Learned a level 5 spell: Manifold Assault
  9090 | Spider:1 | Entered Level 1 of the Spider Nest
  9225 | Spider:1 | Noticed a ghost moth
  9230 | Spider:1 | Killed a ghost moth
  9395 | Spider:1 | Noticed a ghost moth
  9403 | Spider:1 | Killed a ghost moth
  9527 | Spider:2 | Noticed an emperor scorpion
  9535 | Spider:2 | Killed an emperor scorpion
  9540 | Spider:2 | Reached XP level 17. HP: 79/144 MP: 9/33
  9565 | Spider:3 | Identified the +3 leather armour "Byvow" {Contam rC+
                  | Regen+}
  9645 | Spider:3 | HP: 7/146 [emperor scorpion (1)]
  9647 | Spider:3 | Mangled by an entropy weaver

Illustrated notes

Levels and vault maps discovered:
D:1:      scummos_arrival_forest, layout_rooms, serial_shops,
          nicolae_lakefront_shop
D:2:      layout_rooms, shapermc_ecumenical_altar_venn
D:3:      layout_basic, nicolae_ru_sacrificial_ziggurat, serial_shops,
          nicolae_shop_window_shopping
D:4:      layout_basic, uniq_pikel
D:5:      layout_loops_cross, minmay_temple_entry_water_ring, uniq_duvessa
D:6:      layout_cave_pools, nicolae_sif_muna_little_library,
          grunt_decor_one_mirror, hangedman_decor_lopped, lightli_minifort,
          uniq_edmund
D:7:      layout_basic, nzn_wu_jian_contemplation, uniq_prince_ribbit1
D:8:      minmay_the_grid_octo_tiled_octocenter
          [minmay_the_grid_octo_fat_diamond, minmay_the_grid_octo_shrine,
          minmay_the_grid_octo_tetromino_candy, minmay_the_grid_octo_teeth,
          minmay_the_grid_octo_prize_single_spiral,
          minmay_the_grid_square_5x5_shrine1,
          minmay_the_grid_square_5x5_minibox,
          minmay_the_grid_square_5x5_two_walls_b,
          minmay_the_grid_square_5x5_inner_i], layout_rooms, uniq_erica
D:9:      layout_cave_pools, hangedman_ranch, uniq_maurice
D:10:     layout_loops_corners, uniq_grum, uniq_snorg
D:11:     minmay_ornate_pinched, layout_irregular_city, lair_entry_dummy,
          serial_ice, serial_ice_k, serial_ice_a, serial_ice_f, serial_ice_e,
          nicolae_blasting_shop, minivault_8
D:12:     layout_gridville, nicolae_trove_entry_crossroad, uniq_josephine,
          uniq_gastronok, uniq_nergalle, uniq_psyche
D:13:     nicolae_cairo_tiling, layout_gridville, corexii_leaking_fountain,
          nicolae_hexahallways
Temple:   hellmonk_temple_of_storms
Lair:1:   layout_misc_corridors, nicolae_quartered_pool_medium,
          beast_lair_carwin_3, grunt_megastairs_2
Lair:2:   minmay_lair_oklob_chamber, layout_cave_pods, swamp_mist_pool,
          nicolae_spider_entry_orb_guardian, basic_altar, lemuel_fruit_fields,
          infiniplex_staircase_pool_2
Lair:3:   layout_cave_pods, chequers_serial_rivers_marsh
Lair:4:   layout_loops_ring, serial_bayou_pond_b, serial_bayou_shore_b,
          serial_bayou_shore_a, serial_bayou_shore_b
Lair:5:   layout_big_grid, roderic_batcave, beast_lair_carwin_7
Lair:6:   evil_forest, layout_concentric_octagons, slime_entry_1,
          grunt_megastairs_3
Spider:1: layout_cave_pods, nicolae_spider_swamp_cousins
Spider:2: spider_temple_joshua, guppyfry_spider_mini_1,
          nicolae_spider_cling_halls
Spider:3: nicolae_spider_mines_2, nicolae_spider_baby_got_redback
Orc:1:    layout_caves, gammafunk_ghost_fury_of_okawaru
Orc:2:    st_orc_rangers, layout_caves, uniq_saint_roka

Skill      XL: |  1  2  3  4  5  6  7  8  9 10 11 12 13 14 15 16 17 |
---------------+----------------------------------------------------+-----
Spellcasting   | 3 5 10 11 | 11.1
Unarmed Combat | 4 6 7 9 10 11 12 13 | 13.3
Dodging        | 3 4 6 7 8 9 10 11 12 13 | 13.0
Poison Magic   | 1 |  1.0
Transmutations | 3 4 8 10 12 14 | 14.3
Fighting       | 2 3 5 6 7 8 9 10 11 | 11.9
Ice Magic      | 4 |  4.0
Air Magic      | 3 10 14 15 | 15.0
Translocations | 4 9 11 12 | 12.4

Action                   |  1- 3 |  4- 6 |  7- 9 | 10-12 | 13-15 | 16-18 || total
-------------------------+-------+-------+-------+-------+-------+-------++-------
Melee: Unarmed           |    57 |   100 |   199 |   328 |   588 |   338 ||  1610
       Headbutt          |     6 |     1 |       |       |       |       ||     7
       Kick              |     8 |     3 |       |       |       |       ||    11
       Punch             |       |     1 |       |     1 |    34 |    15 ||    51
 Cast: Beastly Appendage |    10 |     2 |       |       |       |       ||    12
       Spider Form       |       |    11 |    18 |     7 |       |       ||    36
       Wereblood         |       |     1 |     1 |     5 |     6 |     1 ||    14
       Ice Form          |       |       |       |    22 |    22 |       ||    44
       Storm Form        |       |       |       |       |    31 |    19 ||    50
       Manifold Assault  |       |       |       |       |       |    48 ||    48
Invok: Curse Item        |       |       |     1 |     1 |     2 |       ||     4
       Shatter the Chain |       |       |       |     1 |       |       ||     1
 Abil: End Transformatio |       |       |       |     1 |     1 |       ||     2
Evoke: Wand              |       |       |       |    12 |     4 |     3 ||    19
  Use: Scroll            |       |     3 |       |     6 |     2 |     6 ||    17
       Potion            |       |     1 |     2 |     6 |       |     3 ||    12
 Stab: Invisible         |       |       |       |     3 |       |       ||     3
Armor: Robe              |    11 |     1 |       |     2 |       |       ||    14
       Skin              |       |     9 |    17 |    82 |   157 |    93 ||   358
Dodge: Dodged            |    39 |    65 |   141 |   199 |   447 |   316 ||  1207
Block: Other             |       |       |    14 |    66 |   132 |    69 ||   281
       Reflection        |       |       |       |     3 |    12 |    13 ||    28

Table legend: (Time is in decaauts)
 A = Elapsed time spent in this place.
 B = Non-inter-level travel time spent in this place.
 C = Inter-level travel time spent in this place.
 D = Time resting spent in this place.
 E = Time spent auto-exploring this place.
 F = Levels seen in this place.
 G = Mean time per level.
                   A        B        C        D        E       F      G
               +--------+--------+--------+--------+--------+-----+--------+
         Total |   9408 |   8898 |    510 |    617 |     50 |  25 |  376.3 |
       Dungeon |   6337 |   5949 |    388 |    562 |     50 |  13 |  487.5 |
        Temple |     63 |     63 |      0 |      0 |      0 |   1 |   63.0 |
          Lair |   1965 |   1850 |    115 |     55 |      0 |   6 |  327.5 |
   Spider Nest |    529 |    529 |      0 |      0 |      0 |   3 |  176.3 |
  Orcish Mines |    512 |    505 |      7 |      0 |      0 |   2 |  256.0 |
               +--------+--------+--------+--------+--------+-----+--------+

Top non-repeatable levels by time:
     D:6: 853 daAuts
     D:8: 672 daAuts
    D:10: 662 daAuts
     D:4: 632 daAuts
     D:7: 624 daAuts
  Lair:2: 470 daAuts
     D:5: 465 daAuts
     D:9: 445 daAuts
     D:3: 442 daAuts
   Orc:2: 415 daAuts
    D:12: 403 daAuts
  Lair:1: 371 daAuts
     D:1: 371 daAuts
  Lair:3: 365 daAuts
  Lair:6: 334 daAuts
